 Dungeon Crawl Stone Soup version 0.30-a0-626-gd6a5dd7a1f (webtiles) character file.

Game seed: 5971925758023780676

168 bmack86 the Trooper (level 5, -1/48 HPs)
             Began as a Minotaur Fighter on Jan 11, 2023.
             Slain by a gnoll
             ... wielding a +0 halberd
             ... led by a gnoll sergeant
              (6 damage)
             ... on level 4 of the Dungeon.
             The game lasted 00:06:07 (2089 turns).

bmack86 the Trooper (Minotaur Fighter)              Turns: 2089, Time: 00:06:07

Health: -1/48      AC: 10    Str: 23    XL:     5   Next: 24%
Magic:  4/4        EV:  7    Int:  5    God:
Gold:   225        SH:  4    Dex:  9    Spells: 4/4 levels left

rFire   . . .      SeeInvis .    a - +0 war axe
rCold   . . .      Faith    .    c - +0 buckler
rNeg    . . .      Spirit   .    t - +0 chain mail
rPois   .          Reflect  .    (helmet restricted)
rElec   .          Harm     .    (no cloak)
rCorr   +          Rampage  .    (no gloves)
Will    .....                    j - +0 pair of boots Stlth
                                 e - amulet of regeneration
HPRegen 1.08/turn                r - ring of resist corrosion
MPRegen 0.09/turn                (no ring)

@: mighty
A: horns 2, retaliatory headbutt
a: no special abilities


You were on level 4 of the Dungeon.
You visited 1 branch of the dungeon, and saw 4 of its levels.

You collected 225 gold pieces.

Inventory:

Hand Weapons
 a - a +0 war axe (weapon)
Missiles
 s - 6 poisoned darts (quivered)
Armour
 b - a +0 scale mail
 c - a +0 buckler (worn)
 j - a +0 pair of boots (worn)
 t - a +0 chain mail (worn)
Jewellery
 e - an amulet of regeneration (around neck)
 r - a ring of resist corrosion (left hand)
Scrolls
 g - a scroll of blinking
 i - a scroll of magic mapping
 k - a scroll of fog
 l - a scroll of vulnerability {unknown}
 m - a scroll of enchant armour {unknown}
 n - a scroll of enchant weapon {unknown}
 q - a scroll of teleportation {unknown}
Potions
 f - a potion of mutation {unknown}
 h - a potion of ambrosia
 o - a potion of haste
 p - a potion of resistance
 u - a potion of curing {unknown}
 v - a potion of attraction {unknown}


   Skills:
 * Level 5.1 Fighting
 * Level 4.3 Axes
 + Level 4.3 Armour
 + Level 4.4 Shields


You had 4 spell levels left.
You didn't know any spells.
Your spell library contained the following spells:

 Spells                   Type           Power      Damage    Failure   Level
 Sting                    Tmut/Pois      0%         1d3       99%         1
 Poisonous Vapours        Pois/Air       0%         N/A       100%        2
 Airstrike                Air            0%         2d(0-16)  100%        4
 Olgreb's Toxic Radiance  Pois           0%         N/A       100%        4
 Summon Lightning Spire   Summ/Air       0%         N/A       100%        4
 Lightning Bolt           Conj/Air       0%         1d11      100%        5


Dungeon Overview and Level Annotations

Branches:
Dungeon (4/15)
 Temple: D:4-7

Altars:
Cheibriados

Shops:
D:2 [   D:3 !


Innate Abilities, Weirdness & Mutations

You have a pair of horns on your head.
You reflexively headbutt those who attack you in melee.


Message History

You feel sick.
You are no longer poisoned.
HP restored.
You open the door.
There is an open door here.
You now have 225 gold pieces (gained 12).
Found a dagger.
A gnoll sergeant and 2 gnolls come into view.
The gnoll sergeant shouts!
The gnoll shouts! x2
The gnoll sergeant hits something with a +6 spear!
The gnoll hits you with a +0 halberd.
You barely miss the gnoll.
A nearby plant withers and dies.
A gnoll comes into view. It is wielding a +0 halberd.
The gnoll sergeant hits you from afar with a +6 spear!
The gnoll hits you with a +0 halberd! You block the gnoll's attack.
The gnoll sergeant closely misses you.
The gnoll moves out of view.
You slash the gnoll!
The gnoll is almost dead.
The gnoll sergeant hits you but does no damage.
The gnoll hits you with a +0 halberd.
The gnoll shouts!
You slash the gnoll!
You kill the gnoll!
The gnoll sergeant hits you from afar with a +6 spear!!
* * * LOW HITPOINT WARNING * * *
The gnoll sergeant closely misses you.
Things that are here:
a +0 halberd; a gnoll corpse You barely miss the gnoll sergeant.
The gnoll sergeant closely misses you. You furiously retaliate!
You headbutt the gnoll sergeant.
You feel very mighty all of a sudden.
The gnoll sergeant hits you with a +6 spear.
* * * LOW HITPOINT WARNING * * *
You slash the gnoll sergeant! You headbutt the gnoll sergeant!
The gnoll sergeant is heavily wounded.
The gnoll hits you but does no damage. You block the gnoll's attack.
The gnoll sergeant hits you with a +6 spear.
* * * LOW HITPOINT WARNING * * *
The gnoll hits you from afar with a +0 halberd.
You die...

******,,,,,,,,,,,,* #........#..
* *,,,,P.....P.# #.##.....#.. *
*,,,,,...P.P.#***,*#####.#.. *
**,,,.,,....P..,,,,* #..)... *
*,,,,..,,..PP.***######.#.#.. *
*,,,,.)P,,....**##........... *
*,,,,,,..,,g.#*,........#.#.. *
***,****#.##g#*,............# *
***,* #..g@#*,...........## *
*,,,* ####.#####........... **
*,**** #....#######..#### ,*
*,,,,* #....##........... ,**
****,* #....##.#.#....###
,,******+******#....#*........#
*,,**,,,,,,,,,*#....####......##*
**,**,,,,,,,,,,#....+..........,*
**,,*,,,,,,,,,,##...####....#####


You could see a gnoll sergeant and 2 gnolls.

Vanquished Creatures
  Robin (D:3)
  2 adders
  5 gnolls
  A worm (D:4)
  A dart slug (D:4)
  4 orcs
  3 ball pythons
  6 bats
  4 endoplasms
  5 giant cockroaches
  11 goblins
  12 hobgoblins
  4 jackals (D:1)
  8 kobolds
  3 quokkas
  A frilled lizard (D:2)
  7 rats
78 creatures vanquished.

Vanquished Creatures (others)
  3 plants (D:4)
3 creatures vanquished.

Grand Total: 81 creatures vanquished

Notes
Turn   | Place    | Note
-------+----------+-------------------------------------------
     0 | D:1      | bmack86 the Minotaur Fighter began the quest for the Orb.
     0 | D:1      | Reached XP level 1. HP: 19/19 MP: 0/0
    95 | D:1      | Reached XP level 2. HP: 27/27 MP: 1/1
   151 | D:1      | Reached skill level 4 in Fighting
   315 | D:1      | Found a faded altar of an unknown god.
   693 | D:2      | Reached XP level 3. HP: 33/33 MP: 2/2
   752 | D:2      | Found Otalaow's Antique Armour Shoppe.
  1384 | D:3      | Reached XP level 4. HP: 41/41 MP: 3/3
  1441 | D:3      | Noticed Robin
  1453 | D:3      | Found a snail-covered altar of Cheibriados.
  1456 | D:3      | Killed Robin
  1527 | D:3      | Found Ytusmetz's Distillery.
  1864 | D:4      | Reached XP level 5. HP: 47/47 MP: 4/4
  1952 | D:4      | Reached skill level 5 in Fighting
  2089 | D:4      | Slain by a gnoll

Illustrated notes

Levels and vault maps discovered:
D:1:      dpeg_arrival_more_subterranean_lakeside_camping, layout_basic,
          shapermc_ecumenical_altar_venn
D:2:      layout_loops_cross, serial_shops, shop
D:3:      layout_rooms, amcnicky_altar_gilded, serial_shops, nicolae_shop_stone,
          uniq_robin
D:4:      layout_basic, nicolae_grassy_gnolls

Skill      XL: |  1  2  3  4  5 |
---------------+----------------+-----
Fighting       | 4 5 |  5.1
Axes           | 3 4 |  4.3
Shields        | 4 |  4.4
Armour         | 4 |  4.3

Action                   |  1- 3 |  4- 6 || total
-------------------------+-------+-------++-------
Melee: War axe           |    86 |    44 ||   130
       Headbutt          |     7 |    11 ||    18
  Use: Scroll            |       |     7 ||     7
       Potion            |       |     1 ||     1
Armor: Scale mail        |    70 |     5 ||    75
       Chain mail        |       |    35 ||    35
Dodge: Dodged            |    65 |    24 ||    89
Block: Buckler           |    38 |    16 ||    54

Table legend: (Time is in decaauts)
 A = Elapsed time spent in this place.
 B = Non-inter-level travel time spent in this place.
 C = Inter-level travel time spent in this place.
 D = Time resting spent in this place.
 E = Time spent auto-exploring this place.
 F = Levels seen in this place.
 G = Mean time per level.
                   A        B        C        D        E       F      G
               +--------+--------+--------+--------+--------+-----+--------+
         Total |   2135 |   2098 |     37 |      0 |   1353 |   4 |  533.8 |
       Dungeon |   2135 |   2098 |     37 |      0 |   1353 |   4 |  533.8 |
               +--------+--------+--------+--------+--------+-----+--------+

Top non-repeatable levels by time:
     D:1: 705 daAuts
     D:2: 635 daAuts
     D:3: 541 daAuts
     D:4: 252 daAuts
